 Dungeon Crawl Stone Soup version 0.32-a0-12-g7fc57aa741 (webtiles) character file.

Game seed: 9424729755403044298

12541 hikkokomori the Spear-Bearer (level 11, -4/84 HPs)
             Began as a Gnoll Wanderer on Jan 15, 2024.
             Was an Initiate of Gozag.
             Hit by a silver javelin thrown by Urug (11 damage)
             ... on level 1 of the Lair of Beasts.
             The game lasted 00:30:35 (11693 turns).

hikkokomori the Spear-Bearer (Gnoll Wanderer)      Turns: 11693, Time: 00:30:37

Health: -4/84      AC: 15    Str: 14    XL:     11   Next: 95%
Magic:  19/22      EV: 15    Int: 18    God:    Gozag
Gold:   1185       SH:  0    Dex: 19    Spells: 6/25 levels left

rFire   . . .        M - +2 spear (vamp)
rCold   . . .        r - +0 buckler
rNeg    . . .        u - +2 acid dragon scales
rPois   .            l - +0 helmet
rElec   .            F - +0 cloak
rCorr   +            o - +0 pair of gloves of the Postmodern Mice {Str+3 Dex+3 Stlth+}
SInv    .            V - +0 pair of boots
Will    .....        j - amulet of reflection
Stlth   ++           G - +6 ring of dexterity
HPRegen 0.34/turn    U - ring of wizardry
MPRegen 0.18/turn

%: reflection, wizardry (x1)
@: confused, lethally poisoned (-4 -> -15), ambrosia-drunk, gold aura, very
slightly contaminated
A: fangs 1, strong nose, distributed training
a: Renounce Religion, Potion Petition, Call Merchant, Bribe Branch


You were on level 1 of the Lair of Beasts.
You worshipped Gozag.
Gozag was most pleased with you.
You visited 2 branches of the dungeon, and saw 10 of its levels.
You also visited: Sewer.

You collected 1951 gold pieces.
You spent 97 gold pieces at shops.
You paid 669 gold pieces to Gozag.

Inventory:

Hand Weapons
 e - a +0 demon whip of venom
 f - a +3 whip of electrocution
 K - a +3 spear of freezing
 M - a +2 vampiric spear (weapon)
 Q - the +2 falchion of Expedience {venom, rElec rPois Dex+2}
   (You found it on level 7 of the Dungeon)

   Dex+2:     It affects your dexterity (+2).
   rElec:     It insulates you from electricity.
   rPois:     It protects you from poison
 X - a +2 halberd of flaming
Missiles
 h - 17 poisoned darts
 t - 7 javelins
 L - a throwing net
Armour
 l - a +0 helmet (worn)
 o - the +0 pair of gloves of the Postmodern Mice (worn) {Str+3 Dex+3 Stlth+}
   (You acquired it on level 3 of the Dungeon)

   Str+3:     It affects your strength (+3).
   Dex+3:     It affects your dexterity (+3).
   Stlth+:    It makes you more stealthy.
 r - a +0 buckler (worn)
 u - +2 acid dragon scales (worn)
 C - the +1 scale mail of Classification {Int+5}
   (You took it off an orc on level 5 of the Dungeon)

   Int+5:     It affects your intelligence (+5).
 F - a +0 cloak (worn)
 J - the +9 chain mail of Oblivion {rElec Regen+}
   (You found it on level 6 of the Dungeon)

   rElec:     It insulates you from electricity.
   Regen+:    It increases your rate of health regeneration.
 O - a +0 kite shield
 T - a +2 ring mail of fire resistance
 V - a +0 pair of boots (worn)
Magical Staves
 D - a staff of death
Jewellery
 j - an amulet of reflection (around neck)
 v - a ring of ice
 z - a ring of magical power
 E - a ring of positive energy
 G - a +6 ring of dexterity (left hand)
 U - a ring of wizardry (right hand)
Talismans
 q - a granite talisman
Wands
 b - a wand of polymorph (8)
 s - a wand of digging (8)
 N - a wand of paralysis (12)
Scrolls
 a - a scroll of torment {unknown}
 c - a scroll of fear
 d - a scroll of brand weapon {unknown}
 g - 2 scrolls of immolation
 i - a scroll of revelation {unknown}
 y - a scroll of enchant armour
 H - a scroll of enchant weapon
 I - 2 scrolls of vulnerability
 R - a scroll of blinking {unknown}
 S - 2 scrolls of butterflies {unknown}
 W - 2 scrolls of identify
 Y - a scroll of amnesia {unknown}
Potions
 k - 3 potions of attraction
 m - 5 potions of mutation
 n - a potion of lignification
 w - 2 potions of degeneration
 x - a potion of resistance
 A - 2 potions of cancellation
 B - a potion of might
 P - a potion of haste


   Skills:
 + Level 7.5 Fighting
 + Level 7.0 Short Blades
 + Level 7.0 Long Blades
 + Level 7.0 Axes
 + Level 7.0 Maces & Flails
 + Level 11.0 Polearms
 + Level 7.0 Staves
 + Level 7.0 Ranged Weapons
 + Level 7.0 Throwing
 + Level 7.0 Armour
 + Level 7.0 Dodging
 + Level 7.0 Stealth
 + Level 7.0 Shields
 + Level 7.0 Unarmed Combat
 + Level 7.6 Spellcasting
 + Level 7.0 Conjurations
 + Level 5.8 Hexes
 + Level 5.8 Summonings
 + Level 5.8 Necromancy
 + Level 5.8 Translocations
 + Level 5.8 Fire Magic
 + Level 5.8 Ice Magic
 + Level 5.8 Air Magic
 + Level 5.8 Earth Magic
 + Level 5.8 Alchemy
 + Level 8.2 Invocations
 + Level 7.5 Evocations
 + Level 6.4 Shapeshifting


You had 6 spell levels left.
You knew the following spells:

 Your Spells              Type           Power      Damage    Failure   Level
a - Shock                 Conj/Air       100%       1d9       1%          1
b - Mephitic Cloud        Conj/Alch/Air  29%        N/A       1%          3
c - Blink                 Tloc           54%        N/A       1%          2
d - Hailstorm             Conj/Ice       30%        3d8       1%          3
e - Stone Arrow           Conj/Erth      60%        3d10      1%          3
f - Frozen Ramparts       Ice            54%        1d9       1%          3
g - Summon Lightning Spi  Summ/Air       27%        N/A       6%          4

Your spell library contained the following spells:

 Spells                   Type           Power      Damage    Failure   Level
 Freeze                   Ice            100%       1d10      1%          1
 Magic Dart               Conj           100%       1d8       1%          1
 Sandblast                Erth           54%        2d13      1%          1
 Call Imp                 Summ           54%        N/A       1%          2
 Static Discharge         Conj/Air       60%        3-6/arc   1%          2
 Call Canine Familiar     Summ           27%        N/A       1%          3
 Ozocubu's Armour         Ice            27%        N/A       1%          3
 Passwall                 Erth           27%        N/A       1%          3
 Sigil of Binding         Hex            27%        N/A       1%          3
 Swiftness                Air            27%        N/A       1%          3
 Tukima's Dance           Hex            27%        N/A       1%          3
 Brom's Barrelling Bould  Conj/Erth      30%        2d5       4%          4
 Iskenderun's Mystic Bla  Conj/Tloc      30%        2d8       4%          4
 Airstrike                Air            13%        2d(2-18)  6%          4
 Dimensional Bullseye     Hex/Tloc       13%        N/A       6%          4
 Manifold Assault         Tloc           27%        N/A       6%          4
 Summon Blazeheart Golem  Fire/Summ      27%        N/A       6%          4
 Metabolic Englaciation   Hex/Ice        13%        N/A       17%         5
 Dispersal                Tloc           13%        N/A       65%         6
 Sculpt Simulacrum        Ice/Alch       13%        N/A       65%         6
 Orb of Destruction       Conj           16%        9d7       95%         7
 Spellforged Servitor     Conj/Summ      15%        N/A       98%         7
 Disjunction              Tloc           13%        N/A       100%        8


Dungeon Overview and Level Annotations

Branches:
Dungeon (9/15)             Temple (0/1) D:7            Lair (1/5) D:9
    Orc (0/2) D:9           Sewer (visited)

Altars:
Ashenzari
Cheibriados
Dithmenos
Fedhas
Gozag
Hepliaklqana
Makhleb
Sif Muna
Uskayaw
Vehumet
Wu Jian
Yredelemnul

Shops:
D:4 ?   D:5 =   D:8 (

Annotations:
D:7 3 runed translucent doors, tmcgee265's ghost, novice DrCj
Lair:1 Urug


Innate Abilities, Weirdness & Mutations

You have very sharp teeth.
Your uncanny sense of smell can sniff out nearby items.
Your experience applies equally to all skills.


Message History

The black mamba poisons you!
Your lightning spire shoots out a bolt of lightning at the black mamba!
The bolt of electricity hits the black mamba!
The black mamba dies!
You block the water moccasin's attack.
* * * LOW HITPOINT WARNING * * *
You feel extremely sick. You block the water moccasin's attack.
Your lightning spire shoots out a bolt of lightning at the water moccasin!
The bolt of electricity hits the water moccasin!
You see here 7 gold pieces.
Unknown command.
* * * LOW HITPOINT WARNING * * *
You feel extremely sick.
Urug throws a silver javelin.
The silver javelin closely misses you.
The water moccasin bites your lightning spire.
* * * LOW HITPOINT WARNING * * *
You feel very sick.
The water moccasin bites your lightning spire but does no damage.
Your lightning spire shoots out a bolt of lightning at the water moccasin!
The bolt of electricity hits the water moccasin!
The water moccasin dies!
The bolt of electricity hits the fungus!
The fungus begins to die.
Unknown command.
You are confused.
You feel invigorated.
* * * LOW HITPOINT WARNING * * *
You feel very sick.
Your lightning spire shoots out a bolt of lightning at Urug!
The bolt of electricity hits Urug. x2
The bolt of electricity hits your lightning spire but does no damage.
Unknown command.
You're too confused to move!
* * * LOW HITPOINT WARNING * * *
You feel very sick.
Urug throws a silver javelin.
The silver javelin pierces through you!
You die...
Urug says, "One more harpy dead."
Your body crumbles into a pile of gold.

.. #.# .. #.# ##
#.#..##. ......#
..#...# #####
.....####...# #..#
##..........#
..##.#.@.........#
...........>....###
##.#.####$.P#..#.<.P#
#..### #..$..###....#
#.##.####o.8...#######
###......##......#
#.....§.........##
###.$$..§$§.......#
#.$$...###........#


You could see Urug (ally target) and a friendly lightning spire (summoned).

Vanquished Creatures
  A catoblepas (Lair:1)
  2 two-headed ogres
  Amaemon (D:8)
  A fire crab (D:9)
  Pikel (D:5)
  Joseph (D:7)
  An unseen horror (D:8)
  An orange demon (D:9)
  A gargoyle (D:7)
  Maggie (D:9)
  Grinder (Sewer)
  Prince Ribbit (D:5)
  5 yaks (D:8)
  A warg (D:5)
  A wyvern (D:9)
  Menkaure (D:5)
  An acid dragon (D:9)
  2 water moccasins
  An ice beast (D:5)
  5 orc warriors
  2 sky beasts (D:6)
  An ogre (D:5)
  A black bear (D:6)
  3 centaurs
  A wolf (Lair:1)
  2 phantoms
  2 kobold brigands (Sewer)
  4 necrophages (D:6)
  4 bullfrogs
  2 gnoll sergeants
  2 elf skeletons (D:5)
  2 scorpions
  13 wights
  11 killer bees
  3 howler monkeys (D:8)
  A bombardier beetle (D:6)
  2 bullfrog zombies (D:6)
  3 hounds
  3 human zombies
  A quasit (Sewer)
  A jelly (D:5)
  5 orc priests
  A gnoll bouda (D:8)
  A sleepcap (D:6)
  4 iguanas
  12 orc wizards
  A human skeleton (D:5)
  2 mummies (D:6)
  14 gnolls
  5 adders
  3 shadow imps
  2 white imps
  4 ufetubi
  5 ribbon worms
  33 orcs
  4 ball pythons
  9 bats
  9 endoplasms
  5 giant cockroaches
  4 goblins
  8 hobgoblins
  3 jackals (D:2)
  A quokka (D:4)
  7 frilled lizards
  18 kobolds
  A kobold zombie (Sewer)
  An orc zombie (D:5)
  4 rats
260 creatures vanquished.

Vanquished Creatures (collateral kills)
  A black mamba (Lair:1)
  A cane toad (Lair:1)
  A hornet (Lair:1)
  A water moccasin (Lair:1)
  2 wolves (Lair:1)
6 creatures vanquished.

Vanquished Creatures (others)
  A bombardier beetle (D:5)
  2 orcs (D:9)
  A kobold zombie (Sewer)
4 creatures vanquished.

Grand Total: 270 creatures vanquished

Notes
Turn   | Place    | Note
-------+----------+-------------------------------------------
     0 | D:1      | hikkokomori the Gnoll Wanderer began the quest for the Orb.
     0 | D:1      | hikkokomori set off with the following items: a +2 spear, a
                  | wand of polymorph (4), a scroll of fear, a +0 robe; and the
                  | following spell memorised: Shock; and the following spells
                  | available to memorise: Mephitic Cloud.
     0 | D:1      | Reached XP level 1. HP: 17/17 MP: 4/4
   141 | D:1      | Reached XP level 2. HP: 22/23 MP: 5/5
   848 | D:2      | Reached XP level 3. HP: 24/28 MP: 7/7
   901 | D:2      | Noticed Terence
   904 | D:2      | Terence changed into Terence the iguana
   904 | D:2      | Noticed Terence
   913 | D:2      | Killed Terence the iguana
   914 | D:2      | Reached skill level 1 in Short Blades
   914 | D:2      | Reached skill level 1 in Long Blades
   914 | D:2      | Reached skill level 1 in Axes
   914 | D:2      | Reached skill level 1 in Maces & Flails
   914 | D:2      | Reached skill level 1 in Staves
   914 | D:2      | Reached skill level 1 in Ranged Weapons
   914 | D:2      | Reached skill level 1 in Throwing
   914 | D:2      | Reached skill level 1 in Armour
   914 | D:2      | Reached skill level 1 in Dodging
   914 | D:2      | Reached skill level 1 in Stealth
   914 | D:2      | Reached skill level 1 in Shields
   914 | D:2      | Reached skill level 1 in Unarmed Combat
  1245 | D:2      | Reached skill level 1 in Shapeshifting
  1245 | D:2      | Reached XP level 4. HP: 34/34 MP: 8/8
  1440 | D:2      | Reached skill level 1 in Hexes
  1440 | D:2      | Reached skill level 1 in Summonings
  1440 | D:2      | Reached skill level 1 in Necromancy
  1440 | D:2      | Reached skill level 1 in Translocations
  1440 | D:2      | Reached skill level 1 in Fire Magic
  1440 | D:2      | Reached skill level 1 in Ice Magic
  1440 | D:2      | Reached skill level 1 in Air Magic
  1440 | D:2      | Reached skill level 1 in Earth Magic
  1440 | D:2      | Reached skill level 1 in Alchemy
  1722 | D:3      | Reached XP level 5. HP: 26/40 MP: 9/9
  2280 | D:3      | Identified a scroll of acquirement
  2309 | D:3      | Learned a level 3 spell: Mephitic Cloud
  2423 | D:3      | Found a faded altar of an unknown god.
  2624 | D:3      | Prayed at the altar of an unknown god.
  2624 | D:3      | Became a worshipper of Gozag Ym Sagoz the Greedy
  2625 | D:3      | Acquired the +0 pair of gloves of the Postmodern Mice
                  | {Str+3 Dex+3 Stlth+}
  2683 | D:4      | Reached XP level 6. HP: 47/47 MP: 11/11
  2703 | D:4      | Learned a level 2 spell: Blink
  2707 | D:4      | Learned a level 3 spell: Hailstorm
  2752 | D:4      | Found a glowing drain.
  2756 | Sewer    | Entered a sewer
  2936 | Sewer    | Found a burning altar of Makhleb.
  2965 | Sewer    | Noticed Grinder
  2969 | Sewer    | Paralysed by Grinder for 2 turns
  2981 | Sewer    | Killed Grinder
  2982 | Sewer    | Reached XP level 7. HP: 40/52 MP: 12/12
  3451 | D:4      | Found a burning altar of Makhleb.
  3572 | D:4      | Found a shadowy altar of Dithmenos.
  3594 | D:4      | Reached skill level 9 in Polearms
  3728 | D:4      | Found Usugaes's Magic Scroll Boutique.
  3735 | D:4      | Found a snail-covered altar of Cheibriados.
  3738 | D:4      | Bought a scroll of enchant armour for 97 gold pieces
  3738 | D:4      | Found a blossoming altar of Fedhas.
  3739 | D:4      | Found a broken altar of Ashenzari.
  3739 | D:4      | Found a hide-covered altar of Uskayaw.
  4024 | D:5      | Entered Level 5 of the Dungeon
  4032 | D:5      | Noticed Menkaure
  4037 | D:5      | Killed Menkaure
  4038 | D:5      | Reached XP level 8. HP: 33/60 MP: 14/14
  4210 | D:5      | Noticed Pikel
  4216 | D:5      | Killed Pikel
  4265 | D:5      | Identified the +1 scale mail of Classification {Int+5}
  4277 | D:5      | Reached skill level 5 in Conjurations
  4277 | D:5      | Reached skill level 5 in Invocations
  4398 | D:5      | Reached XP level 9. HP: 49/66 MP: 16/16
  4605 | D:5      | Reached skill level 5 in Spellcasting
  4890 | D:5      | Reached skill level 5 in Fighting
  4890 | D:5      | Reached skill level 5 in Evocations
  5070 | D:5      | Noticed Prince Ribbit
  5092 | D:5      | Killed Prince Ribbit
  5509 | D:5      | Found Kihacriq's Jewellery Boutique.
  5658 | D:5      | Learned a level 3 spell: Stone Arrow
  5662 | D:5      | Learned a level 3 spell: Frozen Ramparts
  6485 | D:6      | Identified the +6 war axe "Worm's Wrath" {protect, rPois}
  6608 | D:6      | Found a radiant altar of Vehumet.
  6795 | D:6      | Found a shimmering blue altar of Sif Muna.
  6852 | D:6      | Identified the +9 chain mail of Oblivion {rElec Regen+}
  7115 | D:6      | Reached skill level 5 in Short Blades
  7115 | D:6      | Reached skill level 5 in Long Blades
  7115 | D:6      | Reached skill level 5 in Axes
  7115 | D:6      | Reached skill level 5 in Maces & Flails
  7115 | D:6      | Reached skill level 5 in Staves
  7115 | D:6      | Reached skill level 5 in Ranged Weapons
  7115 | D:6      | Reached skill level 5 in Throwing
  7115 | D:6      | Reached skill level 5 in Armour
  7115 | D:6      | Reached skill level 5 in Dodging
  7115 | D:6      | Reached skill level 5 in Stealth
  7115 | D:6      | Reached skill level 5 in Shields
  7115 | D:6      | Reached skill level 5 in Unarmed Combat
  7115 | D:6      | Reached XP level 10. HP: 71/76 MP: 18/18
  7135 | D:6      | Reached skill level 10 in Polearms
  7153 | D:6      | Found a basalt altar of Yredelemnul.
  7382 | D:6      | Found a hazy altar of Hepliaklqana.
  7470 | D:7      | Found an ornate altar of the Wu Jian Council.
  7564 | D:7      | Found a staircase to the Ecumenical Temple.
  7618 | D:7      | Noticed a gargoyle
  7658 | D:7      | Killed a gargoyle
  7742 | D:7      | Identified the +2 falchion of Expedience {venom, rElec
                  | rPois Dex+2}
  7945 | D:7      | Noticed Joseph
  7979 | D:7      | Killed Joseph
  7980 | D:7      | Reached skill level 5 in Shapeshifting
  8038 | D:7      | Found a runed translucent gate.
  8039 | D:7      | Found a runed translucent gate.
  8040 | D:7      | Found a runed translucent gate.
  8041 | D:7      | Noticed tmcgee265's ghost (novice DrCj)
  9430 | D:8      | Killed an unseen horror
  9431 | D:8      | Reached skill level 5 in Hexes
  9431 | D:8      | Reached skill level 5 in Summonings
  9431 | D:8      | Reached skill level 5 in Necromancy
  9431 | D:8      | Reached skill level 5 in Translocations
  9431 | D:8      | Reached skill level 5 in Fire Magic
  9431 | D:8      | Reached skill level 5 in Ice Magic
  9431 | D:8      | Reached skill level 5 in Air Magic
  9431 | D:8      | Reached skill level 5 in Earth Magic
  9431 | D:8      | Reached skill level 5 in Alchemy
  9431 | D:8      | Reached XP level 11. HP: 80/83 MP: 21/21
  9966 | D:9      | Noticed a two-headed ogre
  9996 | D:9      | Noticed Amaemon
 10024 | D:8      | Killed a two-headed ogre
 10108 | D:9      | HP: 4/83 [poisoned by orange demon (concentrated venom)]
 10109 | D:8      | HP: 1/83 [poisoned by orange demon (concentrated venom)]
 10355 | D:8      | Killed Amaemon
 10679 | D:9      | Found a staircase to the Orcish Mines.
 10893 | D:9      | Noticed a fire crab
 10894 | D:9      | Found a staircase to the Lair.
 10916 | D:9      | Killed a fire crab
 10982 | D:9      | Noticed Maggie
 11020 | D:9      | Killed Maggie
 11041 | D:9      | Noticed a two-headed ogre
 11061 | D:9      | Killed a two-headed ogre
 11419 | D:9      | Learned a level 4 spell: Summon Lightning Spire
 11538 | Lair:1   | Entered Level 1 of the Lair of Beasts
 11588 | Lair:1   | Noticed a catoblepas
 11629 | Lair:1   | Reached skill level 11 in Polearms
 11633 | Lair:1   | Noticed Urug
 11650 | Lair:1   | Killed a catoblepas
 11693 | Lair:1   | Hit by a silver javelin thrown by Urug

Illustrated notes

Levels and vault maps discovered:
D:1:      nicolae_arrival_washed_ashore, layout_basic
D:2:      layout_rooms, uniq_terence
D:3:      layout_loops_ring, shapermc_ecumenical_altar_mp_vishouse
D:4:      layout_basic, nicolae_dithmenos_the_darkroom,
          nicolae_overflow_crystal_walls, mainiacjoe_overflow_alcove_3,
          serial_shops, shop, gup_sewer_entry_bowl, kennysheep_generic_room_5
D:5:      layout_loops_corners, nicolae_ossuary_entry_catacombs, serial_shops,
          nicolae_shop_real_fake_doors, uniq_pikel, uniq_menkaure,
          uniq_prince_ribbit1
D:6:      layout_basic, lemuel_mausoleum_altar_yredelemnul,
          nicolae_vehumet_altar_sigil, old_standard_altar,
          worldfamousw_hep_ancestral_shrine, nicolae_underground_beach
D:7:      layout_loops_cross, lemuel_crystal_altar,
          minmay_temple_entry_stoned_glass, ebering_ghost_rock_garden,
          serial_glass, glass_columns_c, glass_columns_a, uniq_joseph
D:8:      layout_layer_cave, grunt_ministairs_5
D:9:      layout_basic, minmay_lair_entry_lava, orc_0_dummy, serial_glass,
          glass_columns_c, glass_columns_a, glass_columns_a, glass_columns_b,
          minmay_strange_pillars, due_unseen_surprise, grunt_decor_junction,
          kennysheep_generic_room_7, uniq_amaemon, uniq_maggie
Lair:1:   layout_misc_corridors, nzn_random_ring, uniq_urug

Skill      XL: |  1  2  3  4  5  6  7  8  9 10 11 |
---------------+----------------------------------+-----
Short Blades   | 1 2 3 5 6 7 |  7.0
Long Blades    | 1 2 3 5 6 7 |  7.0
Axes           | 1 2 3 5 6 7 |  7.0
Maces & Flails | 1 2 3 5 6 7 |  7.0
Staves         | 1 2 3 5 6 7 |  7.0
Ranged Weapons | 1 2 3 5 6 7 |  7.0
Throwing       | 1 2 3 5 6 7 |  7.0
Armour         | 1 2 3 5 6 7 |  7.0
Dodging        | 1 2 3 5 6 7 |  7.0
Stealth        | 1 2 3 5 6 7 |  7.0
Shields        | 1 2 3 5 6 7 |  7.0
Unarmed Combat | 1 2 3 5 6 7 |  7.0
Shapeshifting  | 1 2 3 4 5 6 |  6.4
Spellcasting   | 3 4 5 6 7 |  7.6
Hexes          | 1 2 3 4 5 |  5.8
Summonings     | 1 2 3 4 5 |  5.8
Necromancy     | 1 2 3 4 5 |  5.8
Translocations | 1 2 3 4 5 |  5.8
Fire Magic     | 1 2 3 4 5 |  5.8
Ice Magic      | 1 2 3 4 5 |  5.8
Air Magic      | 1 2 3 4 5 |  5.8
Earth Magic    | 1 2 3 4 5 |  5.8
Alchemy        | 1 2 3 4 5 |  5.8
Invocations    | 3 4 5 6 7 8 |  8.2
Fighting       | 3 4 5 6 7 |  7.5
Conjurations   | 4 5 6 7 |  7.0
Evocations     | 3 4 5 6 7 |  7.5
Polearms       | 9 10 11 | 11.0

Action                     |  1- 3 |  4- 6 |  7- 9 | 10-12 || total
---------------------------+-------+-------+-------+-------++-------
  Melee: Spear             |    32 |       |       |   908 ||   940
         Bite              |     5 |    17 |    49 |   120 ||   191
         Whip              |    49 |   181 |   344 |    52 ||   626
         Punch             |     1 |       |       |       ||     1
  Throw: Dart              |     2 |       |     3 |       ||     5
         Javelin           |       |       |    10 |       ||    10
   Cast: Stone Arrow       |       |       |     1 |       ||     1
         Summon Lightning  |       |       |       |     6 ||     6
 Invoke: Call Merchant     |       |       |       |     1 ||     1
  Evoke: Wand              |     1 |       |     1 |     2 ||     4
    Use: Scroll            |       |     7 |    11 |     7 ||    25
         Potion            |       |       |       |     4 ||     4
   Stab: Sleeping          |     1 |     7 |    11 |     1 ||    20
         Distracted        |       |       |     1 |     8 ||     9
         Paralysed         |       |       |       |     5 ||     5
         Petrified         |       |       |       |     2 ||     2
         Invisible         |       |       |       |     1 ||     1
         Petrifying        |       |       |       |     1 ||     1
 Armour: Robe              |    33 |    70 |   102 |       ||   205
         Scale mail        |       |       |    57 |       ||    57
         Chain mail        |       |       |    16 |   441 ||   457
         Acid dragon scale |       |       |       |    51 ||    51
  Dodge: Dodged            |    40 |    86 |   113 |   150 ||   389
  Block: Other             |     4 |     9 |       |       ||    13
         Buckler           |       |    61 |   151 |   197 ||   409
         Reflection        |       |     5 |     4 |     8 ||    17
         Kite shield       |       |       |       |   137 ||   137

Table legend: (Time is in decaauts)
 A = Elapsed time spent in this place.
 B = Non-inter-level travel time spent in this place.
 C = Inter-level travel time spent in this place.
 D = Time resting spent in this place.
 E = Time spent auto-exploring this place.
 F = Levels seen in this place.
 G = Mean time per level.
                   A        B        C        D        E       F      G
               +--------+--------+--------+--------+--------+-----+--------+
         Total |  11389 |  10828 |    561 |    425 |   7328 |  11 | 1035.4 |
       Dungeon |  10778 |  10217 |    561 |    425 |   6998 |   9 | 1197.6 |
          Lair |    122 |    122 |      0 |      0 |     33 |   1 |  122.0 |
         Sewer |    488 |    488 |      0 |      0 |    297 |   1 |  488.0 |
               +--------+--------+--------+--------+--------+-----+--------+

Top non-repeatable levels by time:
     D:5: 1996 daAuts
     D:8: 1953 daAuts
     D:6: 1424 daAuts
     D:9: 1148 daAuts
     D:3: 1082 daAuts
     D:4: 880 daAuts
     D:1: 808 daAuts
     D:2: 783 daAuts
     D:7: 700 daAuts
   Sewer: 488 daAuts
  Lair:1: 122 daAuts
